 Dungeon Crawl Stone Soup version 0.28.0-45-g0d030f2227 (webtiles) character file.

Game seed: 503179082492647466

31985 croobank the Blocker (level 13, -9/104 HPs)
             Began as a Gnoll Fighter on Apr 3, 2022.
             Was an Initiate of Gozag.
             Mangled by a boulder beetle (22 damage)
             ... on level 4 of the Lair of Beasts.
             The game lasted 01:01:06 (15262 turns).

croobank the Blocker (Gnoll Fighter)               Turns: 15262, Time: 01:01:06

Health: -9/104     AC: 20    Str: 19    XL:     13   Next: 61%
Magic:  25/25      EV: 13    Int:  8    God:    Gozag
Gold:   2333       SH:  0    Dex: 13    Spells: 28/28 levels left

rFire   + + .      SeeInvis .   a - +7 battleaxe
rCold   . . .      Faith    .   (shield currently unavailable)
rNeg    . . .      Spirit   .   w - +5 scale mail {rPois}
rPois   +          Reflect  .   L - +2 helmet
rElec   .          Harm     .   m - +0 cloak
rCorr   .          Rampage  .   (no gloves)
Will    .....                   S - +0 pair of boots
Stlth   ++........              I - amulet of regeneration
HPRegen 1.07/turn               D - ring of protection from fire
MPRegen 0.19/turn               y - ring of protection from fire

@: mighty
A: fangs 1, strong nose, distributed training
a: Renounce Religion, Potion Petition, Call Merchant, Bribe Branch


You were on level 4 of the Lair of Beasts.
You worshipped Gozag.
Gozag was most pleased with you.
You visited 3 branches of the dungeon, and saw 16 of its levels.

You collected 3174 gold pieces.
You spent 404 gold pieces at shops.
You paid 437 gold pieces to Gozag.

Inventory:

Hand Weapons
 a - a +7 battleaxe (weapon)
 b - the +2 hand crossbow of Malaise {flame, rF++ Will+ Dex+3}
   (You found it on level 2 of the Lair of Beasts)

   Any ammunition fired from it burns those it strikes, dealing additional fire
   damage.
   Dex:       It affects your dexterity (+3).
   rF:        It greatly protects you from fire.
   Will:      It increases your willpower.
 n - a +2 dagger of protection
 B - a +5 falchion
 G - the +5 spear of Integrity {vorpal, Drain rPois rCorr Dex+3}
   (You took it off an orc warrior on level 7 of the Dungeon)

   It inflicts extra damage upon your enemies.
   Dex:       It affects your dexterity (+3).
   rPois:     It protects you from poison.
   rCorr:     It protects you from acid and corrosion.
   Drain:     It drains your maximum health when unequipped.
 O - a +0 hunting sling
 W - a +3 war axe
Missiles
 l - 128 arrows
 o - 53 sling bullets
 p - 500 stones (quivered)
 r - 3 atropa-tipped darts
 E - 4 datura-tipped darts
 F - 74 bolts
Armour
 c - a +0 buckler
 m - a +0 cloak (worn)
 w - a +5 scale mail of poison resistance (worn)
 L - a +2 helmet (worn)
 R - a +0 plate armour
 S - a +0 pair of boots (worn)
 V - a +0 kite shield
Jewellery
 e - a ring of positive energy
 x - a ring of ice
 y - a ring of protection from fire (right hand)
 C - a +4 ring of slaying
 D - a ring of protection from fire (left hand)
 I - an amulet of regeneration (around neck)
 K - an amulet of the acrobat
 U - a +6 ring of dexterity
Wands
 J - a wand of flame (29)
 M - a wand of iceblast (15)
 N - a wand of acid (12)
 P - a wand of paralysis (7)
 Y - a wand of charming (3)
Scrolls
 k - 2 scrolls of blinking
 s - 3 scrolls of immolation
 u - a scroll of identify
 z - 2 scrolls of magic mapping
 A - a scroll of teleportation
Potions
 d - a potion of might
 f - 2 potions of attraction
 g - 4 potions of brilliance
 h - 3 potions of ambrosia
 i - 2 potions of mutation
 j - 3 potions of invisibility
 q - 3 potions of heal wounds {unknown}
 t - 6 potions of lignification
 v - a potion of berserk rage
 H - a potion of haste {unknown}
 Q - a potion of resistance {unknown}
 T - 4 potions of curing {unknown}
 X - a potion of cancellation {unknown}


   Skills:
 + Level 10.7 Fighting
 + Level 8.4 Short Blades
 + Level 8.4 Long Blades
 + Level 9.7 Axes
 + Level 8.4 Maces & Flails
 + Level 8.4 Polearms
 + Level 8.4 Staves
 + Level 8.4 Slings
 + Level 8.4 Bows
 + Level 8.4 Crossbows
 + Level 8.4 Throwing
 + Level 10.7 Armour
 + Level 8.4 Dodging
 + Level 8.4 Stealth
 + Level 10.7 Shields
 + Level 8.4 Unarmed Combat
 + Level 8.4 Spellcasting
 + Level 7.0 Conjurations
 + Level 7.0 Hexes
 + Level 7.0 Summonings
 + Level 7.0 Necromancy
 + Level 7.0 Translocations
 + Level 7.0 Transmutations
 + Level 7.0 Fire Magic
 + Level 7.0 Ice Magic
 + Level 7.0 Air Magic
 + Level 7.0 Earth Magic
 + Level 7.0 Poison Magic
 + Level 9.2 Invocations
 + Level 8.4 Evocations


You had 28 spell levels left.
You didn't know any spells.
Your spell library contained the following spells:

 Spells                   Type           Power      Damage    Failure   Level
 Static Discharge         Conj/Air       14%        N/A       3%          2
 Sublimation of Blood     Necr           14%        N/A       3%          2
 Dispel Undead            Necr           14%        3d10      24%         4
 Petrify                  Tmut/Erth      14%        N/A       24%         4
 Sticky Flame             Conj/Fire      14%        2d4       24%         4
 Irradiate                Conj/Tmut      7%         3d16      56%         5
 Lightning Bolt           Conj/Air       7%         1d19      56%         5
 Summon Forest            Summ/Tloc      7%         N/A       56%         5
 Eringya's Noxious Bog    Tmut/Pois      7%         N/A       98%         6
 Summon Hydra             Summ           7%         N/A       100%        7
 Maxwell's Capacitive Co  Air            7%         ∞         100%        8


Dungeon Overview and Level Annotations

Branches:
Dungeon (10/15)            Temple (1/1) D:5            Lair (5/6) D:8
  Swamp (0/4) Lair:3       Spider (0/4) Lair:4        Slime (0/5) Lair:5
    Orc: D:9-12

Altars:
Ashenzari
Cheibriados
Dithmenos
Elyvilon
Fedhas
Gozag
Hepliaklqana
Kikubaaqudgha
Makhleb
Nemelex Xobeh
Okawaru
Qazlal
Ru
Sif Muna
Trog
Uskayaw
Vehumet
Wu Jian
Xom
Yredelemnul
Zin
The Shining One

Shops:
D:4 *=(:

Annotations:
D:10 3 runed translucent doors


Innate Abilities, Weirdness & Mutations

You have very sharp teeth.
Your uncanny sense of smell can sniff out nearby items.
Your experience applies equally to all skills.


Message History

The boulder beetle is severely wounded.
The boulder beetle bites you!
The boulder beetle bites you but does no damage.
You completely miss the boulder beetle.
The boulder beetle is severely wounded.
The boulder beetle bites you but does no damage.
You hit the boulder beetle.
The boulder beetle is severely wounded.
The boulder beetle closely misses you.
You slash the boulder beetle!
The boulder beetle is severely wounded.
The boulder beetle misses you.
You slash the boulder beetle!
You bite the boulder beetle, but do no damage.
The boulder beetle is almost dead.
The boulder beetle leaps!
The boulder beetle curls into a ball and begins rolling!
You completely miss the boulder beetle.
You bite the boulder beetle, but do no damage.
The boulder beetle is almost dead.
The boulder beetle hits you!!
The boulder beetle stops rolling and uncurls.
You slash the boulder beetle!
The boulder beetle is almost dead.
The boulder beetle bites you but does no damage.
The boulder beetle bites you!!
* * * LOW HITPOINT WARNING * * *
You hit the boulder beetle but do no damage.
You bite the boulder beetle, but do no damage.
The boulder beetle is almost dead.
The boulder beetle completely misses you.
You feel very mighty all of a sudden. The boulder beetle bites you!
* * * LOW HITPOINT WARNING * * *
You barely miss the boulder beetle.
You bite the boulder beetle, but do no damage.
The boulder beetle is almost dead.
The boulder beetle bites you!!
You die...
Your body crumbles into a pile of gold.

..+#.#.###..##.#.................
........#)...##..................
.................................
..####....P.......#..............
..# P....#...#.P................
..## #....#......#......##.P##..#
...## . ##>.....#.......+.#.##.
....# .. #..............+.....##
...## ...#.....@##○°°..#......#.
###.# .[.......B..............#
### ...#...................## ..
#......#.....#......## ..∆
#.##.##........##...##. .. ...
..##P.....>.#.#..#.. ...
...∆..................... .## ..
####.######..P###..### ## ##
##### ####


You could see a boulder beetle.

Vanquished Creatures
  4 hydras
  A centaur warrior (D:10)
  A two-headed ogre (D:8)
  Nergalle (Lair:3)
  A manticore (D:9)
  A cyclops (D:10)
  Maurice (D:10)
  4 black mambas
  6 cane toads
  6 komodo dragons
  A freezing wraith (D:9)
  3 polar bears
  8 blink frogs
  A hornet (D:8)
  Prince Ribbit (D:5)
  6 slime creatures
  2 spriggans (Lair:2)
  A shadow (D:9)
  A vampire (D:9)
  4 wyverns
  2 basilisks
  53 yaks
  3 steam dragons
  7 vampire mosquitoes (Lair:3)
  An acid dragon (D:10)
  9 water moccasins
  3 orc warriors
  4 black bears
  3 sky beasts
  An ice beast (D:8)
  A necrophage (D:7)
  24 wolves
  An ogre (D:5)
  3 centaurs
  13 bullfrogs
  8 scorpions
  A gnoll sergeant (D:9)
  3 jellies
  3 killer bees (D:10)
  3 electric eels
  A howler monkey (D:9)
  7 wights
  2 centaur zombies
  2 gnoll shamans
  4 orc priests
  2 hounds (D:6)
  A scorpion zombie (D:3)
  A bullfrog skeleton (D:6)
  An iguana (D:4)
  5 orc wizards
  2 hound skeletons
  A hound zombie (D:5)
  2 howler monkey zombies
  19 gnolls
  3 adders
  An ufetubus (D:5)
  An adder zombie (D:3)
  An adder skeleton (D:4)
  3 dart slugs
  22 orcs
  2 endoplasms
  5 giant cockroaches
  11 goblins
  6 hobgoblins
  6 jackals
  3 quokkas
  6 ball pythons
  4 bats
  3 frilled lizards
  5 kobolds
  A quokka skeleton (D:2)
  7 rats
340 creatures vanquished.

Vanquished Creatures (collateral kills)
  A two-headed ogre (D:10)
  A steam dragon (D:10)
2 creatures vanquished.

Vanquished Creatures (others)
  3 killer bees (D:10)
  18 fungi
  16 plants
37 creatures vanquished.

Grand Total: 379 creatures vanquished

Notes
Turn   | Place    | Note
-------+----------+-------------------------------------------
     0 | D:1      | croobank the Gnoll Fighter began the quest for the Orb.
     0 | D:1      | Reached XP level 1. HP: 23/23 MP: 1/1
   297 | D:1      | Reached XP level 2. HP: 29/29 MP: 2/2
   714 | D:1      | Reached XP level 3. HP: 34/35 MP: 3/3
  1103 | D:2      | Reached skill level 1 in Invocations
  1438 | D:2      | Reached skill level 1 in Short Blades
  1438 | D:2      | Reached skill level 1 in Long Blades
  1438 | D:2      | Reached skill level 1 in Maces & Flails
  1438 | D:2      | Reached skill level 1 in Polearms
  1438 | D:2      | Reached skill level 1 in Staves
  1438 | D:2      | Reached skill level 1 in Slings
  1438 | D:2      | Reached skill level 1 in Bows
  1438 | D:2      | Reached skill level 1 in Crossbows
  1438 | D:2      | Reached skill level 1 in Throwing
  1438 | D:2      | Reached skill level 1 in Dodging
  1438 | D:2      | Reached skill level 1 in Stealth
  1438 | D:2      | Reached skill level 1 in Unarmed Combat
  1438 | D:2      | Reached skill level 1 in Spellcasting
  1438 | D:2      | Reached skill level 1 in Evocations
  1599 | D:2      | Reached XP level 4. HP: 37/41 MP: 5/5
  2044 | D:3      | Found a blossoming altar of Fedhas.
  2044 | D:3      | Found a sparkling altar of Nemelex Xobeh.
  2320 | D:3      | Reached skill level 1 in Conjurations
  2320 | D:3      | Reached skill level 1 in Hexes
  2320 | D:3      | Reached skill level 1 in Summonings
  2320 | D:3      | Reached skill level 1 in Necromancy
  2320 | D:3      | Reached skill level 1 in Translocations
  2320 | D:3      | Reached skill level 1 in Transmutations
  2320 | D:3      | Reached skill level 1 in Fire Magic
  2320 | D:3      | Reached skill level 1 in Ice Magic
  2320 | D:3      | Reached skill level 1 in Air Magic
  2320 | D:3      | Reached skill level 1 in Earth Magic
  2320 | D:3      | Reached skill level 1 in Poison Magic
  2425 | D:3      | Reached XP level 5. HP: 20/47 MP: 6/6
  2605 | D:3      | Found a basalt altar of Yredelemnul.
  3299 | D:4      | Reached XP level 6. HP: 44/53 MP: 8/8
  3390 | D:4      | Found Picic's Jewellery Boutique.
  3694 | D:4      | Found Cenetoam's Book Boutique.
  3815 | D:4      | Found Foicimmy's Weapon Shop.
  3956 | D:4      | Found a bloodstained altar of Trog.
  4357 | D:4      | Reached skill level 5 in Axes
  4790 | D:4      | Found Zionoaf's General Store.
  4799 | D:4      | Bought a scroll of identify for 22 gold pieces
  4799 | D:4      | Bought a scroll of identify for 22 gold pieces
  5065 | D:5      | Entered Level 5 of the Dungeon
  5087 | D:5      | Found a glowing silver altar of Zin.
  5154 | D:5      | Reached XP level 7. HP: 45/59 MP: 10/10
  5366 | D:5      | Noticed Prince Ribbit
  5382 | D:5      | Killed Prince Ribbit
  5532 | D:5      | Found a staircase to the Ecumenical Temple.
  5544 | Temple   | Entered the Ecumenical Temple
  5586 | Temple   | Became a worshipper of Gozag Ym Sagoz the Greedy
  5634 | D:5      | Found a radiant altar of Vehumet.
  5758 | D:5      | Found a glowing golden altar of the Shining One.
  6021 | D:5      | Reached XP level 8. HP: 67/67 MP: 12/12
  7107 | D:7      | Found a shimmering altar of Xom.
  7124 | D:7      | Reached XP level 9. HP: 42/73 MP: 14/14
  7342 | D:7      | Identified the +5 spear of Integrity {vorpal, Drain rPois
                  | rCorr Dex+3}
  7926 | D:4      | Bought an amulet of regeneration for 360 gold pieces
  8424 | D:8      | Noticed a hornet
  8428 | D:8      | Noticed a two-headed ogre
  8430 | D:8      | Killed a hornet
  8435 | D:8      | Killed a two-headed ogre
  8436 | D:8      | Reached skill level 5 in Invocations
  8646 | D:8      | Reached XP level 10. HP: 80/80 MP: 17/17
  8715 | D:8      | Found a hazy altar of Hepliaklqana.
  8777 | D:8      | Found a staircase to the Lair.
  8887 | D:9      | Reached skill level 5 in Short Blades
  8887 | D:9      | Reached skill level 5 in Long Blades
  8887 | D:9      | Reached skill level 5 in Maces & Flails
  8887 | D:9      | Reached skill level 5 in Polearms
  8887 | D:9      | Reached skill level 5 in Staves
  8887 | D:9      | Reached skill level 5 in Slings
  8887 | D:9      | Reached skill level 5 in Bows
  8887 | D:9      | Reached skill level 5 in Crossbows
  8887 | D:9      | Reached skill level 5 in Throwing
  8887 | D:9      | Reached skill level 5 in Dodging
  8887 | D:9      | Reached skill level 5 in Stealth
  8887 | D:9      | Reached skill level 5 in Unarmed Combat
  8887 | D:9      | Reached skill level 5 in Spellcasting
  8887 | D:9      | Reached skill level 5 in Evocations
  8957 | D:9      | Noticed a manticore
  8961 | D:9      | Killed a manticore
  9875 | D:10     | Entered Level 10 of the Dungeon
 10084 | D:10     | Noticed a two-headed ogre
 10102 | D:10     | Killed a two-headed ogre
 10103 | D:10     | Reached XP level 11. HP: 75/87 MP: 19/19
 10221 | D:10     | Noticed Maurice
 10226 | D:10     | Killed Maurice
 10227 | D:10     | Reached skill level 5 in Conjurations
 10227 | D:10     | Reached skill level 5 in Hexes
 10227 | D:10     | Reached skill level 5 in Summonings
 10227 | D:10     | Reached skill level 5 in Necromancy
 10227 | D:10     | Reached skill level 5 in Translocations
 10227 | D:10     | Reached skill level 5 in Transmutations
 10227 | D:10     | Reached skill level 5 in Fire Magic
 10227 | D:10     | Reached skill level 5 in Ice Magic
 10227 | D:10     | Reached skill level 5 in Air Magic
 10227 | D:10     | Reached skill level 5 in Earth Magic
 10227 | D:10     | Reached skill level 5 in Poison Magic
 10353 | D:10     | Found a runed translucent door.
 10353 | D:10     | Found a runed translucent door.
 10353 | D:10     | Found a runed translucent door.
 10353 | D:10     | Noticed a centaur warrior
 10353 | D:10     | Noticed a manticore
 10353 | D:10     | Noticed a two-headed ogre
 10353 | D:10     | Noticed a two-headed ogre
 10353 | D:10     | Noticed a six-headed hydra
 10354 | D:10     | Noticed a cyclops
 10354 | D:10     | Noticed a centaur warrior
 10366 | D:10     | Killed a cyclops
 10373 | D:10     | Killed a centaur warrior
 10374 | D:10     | Noticed an ogre mage
 10374 | D:10     | Noticed a centaur warrior
 10374 | D:10     | Noticed a six-headed hydra
 10583 | Lair:1   | Entered Level 1 of the Lair of Beasts
 11143 | Lair:1   | Reached XP level 12. HP: 96/96 MP: 22/22
 11899 | Lair:2   | Identified the +2 hand crossbow of Malaise {flame, rF++
                  | Will+ Dex+3}
 12134 | Lair:2   | Noticed a six-headed hydra
 12189 | Lair:2   | Killed a seven-headed hydra
 12207 | Lair:2   | Reached skill level 10 in Fighting
 12207 | Lair:2   | Reached skill level 10 in Armour
 12207 | Lair:2   | Reached skill level 10 in Shields
 13099 | Lair:3   | Reached XP level 13. HP: 90/103 MP: 24/24
 13120 | Lair:3   | Noticed Nergalle
 13140 | Lair:3   | Killed Nergalle
 13525 | Lair:3   | Found a staircase to the Swamp.
 14491 | Lair:4   | You fall into a shaft and drop 1 floor!
 14516 | Lair:5   | Found a staircase to the Slime Pits.
 15201 | Lair:4   | Found a hole to the Spider Nest.
 15262 | Lair:4   | Mangled by a boulder beetle

Illustrated notes

Levels and vault maps discovered:
D:1:      dpeg_arrival_castle, layout_loops_ring
D:2:      layout_rooms, grunt_ministairs_8
D:3:      layout_basic, gammafunk_temple_overflow_wave,
          lemuel_zombie_altar_yredelemnul
D:4:      layout_basic, lightli_temple_of_fire, serial_shops, shop,
          nicolae_shop_crystal, nicolae_shop_hallway_plus,
          nicolae_shop_waterfront, minmay_misc_feat_chi
D:5:      layout_cave_pools, tso_oasis_becter, zin_scriptorium,
          mainiacjoe_overflow_cross_hatched, temple_green, uniq_prince_ribbit1
D:6:      layout_rooms
D:7:      layout_basic, mainiacjoe_overflow_catwalk, minmay_misc_feat_x,
          abandoned_shop
D:8:      layout_gridville, worldfamousw_hep_ancestral_shrine, lair_entry_dummy
D:9:      layout_grid_maze
D:10:     minmay_the_grid_triangle_9x9_rhombus_thin
          [minmay_the_grid_triangle_9x9_intruding_spiral,
          minmay_the_grid_triangle_9x9_prize_insulated,
          minmay_the_grid_triangle_9x9_cache,
          minmay_the_grid_triangle_9x9_fully_insulated_deathbox], layout_basic,
          serial_glass, glass_columns_b, glass_columns_c,
          chequers_serial_rivers_micro_e, st_stairs_5, uniq_maurice
Temple:   nicolae_temple_god_jail
Lair:1:   layout_roguey, grunt_megastairs_3, serial_bayou_shore_a
Lair:2:   layout_loops_ring, forest_entry_grove, grunt_megastairs_5
Lair:3:   layout_loops_ring, minmay_swamp_entry_swarm, uniq_nergalle
Lair:4:   layout_regular_city, nicolae_spider_entry_non_spiders
Lair:5:   layout_gridlike, minmay_slime_entry_pillars,
          chequers_serial_rivers_micro_b

Skill      XL: |  1  2  3  4  5  6  7  8  9 10 11 12 13 |
---------------+----------------------------------------+-----
Invocations    | 1 2 3 4 5 6 7 8 9 |  9.2
Short Blades   | 1 2 3 4 5 6 7 8 |  8.4
Long Blades    | 1 2 3 4 5 6 7 8 |  8.4
Maces & Flails | 1 2 3 4 5 6 7 8 |  8.4
Polearms       | 1 2 3 4 5 6 7 8 |  8.4
Staves         | 1 2 3 4 5 6 7 8 |  8.4
Slings         | 1 2 3 4 5 6 7 8 |  8.4
Bows           | 1 2 3 4 5 6 7 8 |  8.4
Crossbows      | 1 2 3 4 5 6 7 8 |  8.4
Throwing       | 1 2 3 4 5 6 7 8 |  8.4
Dodging        | 1 2 3 4 5 6 7 8 |  8.4
Stealth        | 1 2 3 4 5 6 7 8 |  8.4
Unarmed Combat | 1 2 3 4 5 6 7 8 |  8.4
Spellcasting   | 1 2 3 4 5 6 7 8 |  8.4
Evocations     | 1 2 3 4 5 6 7 8 |  8.4
Conjurations   | 1 2 3 4 5 6 7 |  7.0
Hexes          | 1 2 3 4 5 6 7 |  7.0
Summonings     | 1 2 3 4 5 6 7 |  7.0
Necromancy     | 1 2 3 4 5 6 7 |  7.0
Translocations | 1 2 3 4 5 6 7 |  7.0
Transmutations | 1 2 3 4 5 6 7 |  7.0
Fire Magic     | 1 2 3 4 5 6 7 |  7.0
Ice Magic      | 1 2 3 4 5 6 7 |  7.0
Air Magic      | 1 2 3 4 5 6 7 |  7.0
Earth Magic    | 1 2 3 4 5 6 7 |  7.0
Poison Magic   | 1 2 3 4 5 6 7 |  7.0
Axes           | 5 6 7 8 9 |  9.7
Fighting       | 7 8 9 10 | 10.7
Armour         | 7 8 9 10 | 10.7
Shields        | 7 8 9 10 | 10.7

Action                   |  1- 3 |  4- 6 |  7- 9 | 10-12 | 13-15 || total
-------------------------+-------+-------+-------+-------+-------++-------
Melee: War axe           |    65 |    41 |   139 |       |       ||   245
       Bite              |     6 |    26 |    18 |   113 |    35 ||   198
       Whip              |    50 |   177 |       |       |       ||   227
       Spear             |       |       |    64 |   547 |       ||   611
       Battleaxe         |       |       |       |   125 |   222 ||   347
       Dagger            |       |       |       |     9 |    22 ||    31
       Punch             |       |       |       |     1 |     2 ||     3
 Fire: Hand crossbow     |       |       |       |    18 |    18 ||    36
Throw: Stone             |       |       |       |     2 |     1 ||     3
       Dart              |       |       |       |       |     5 ||     5
Invok: Potion Petition   |       |       |       |     1 |       ||     1
Evoke: Wand              |       |       |     7 |    16 |     2 ||    25
  Use: Scroll            |       |    12 |       |    10 |     2 ||    24
       Potion            |       |       |       |     2 |     2 ||     4
 Stab: Paralysed         |       |       |       |     9 |       ||     9
       Sleeping          |       |       |       |     4 |     2 ||     6
       Distracted        |       |       |       |     7 |     2 ||     9
Armor: Scale mail        |    48 |   103 |   119 |   103 |   198 ||   571
       Chain mail        |       |       |       |   203 |       ||   203
Dodge: Dodged            |    63 |   101 |   116 |   337 |   250 ||   867
Block: Buckler           |    33 |    68 |    58 |   138 |       ||   297
